 Dungeon Crawl Stone Soup version 0.17.0-23-g0de4337 (webtiles) character file.

622 tp1 the Magician (level 7, -3/36 HPs)
             Began as a Deep Elf Wizard on Nov 14, 2015.
             Shot with an arrow by a centaur (9 damage)
             ... on level 6 of the Dungeon.
             The game lasted 00:36:16 (6131 turns).

tp1 the Magician (Deep Elf Wizard)                  Turns: 6131, Time: 00:36:16

Health: -3/36      AC:  2    Str:  4    XL:     7   Next: 22%
Magic:  0/26       EV: 12    Int: 25    God:
Gold:   183        SH:  0    Dex: 13    Spells: 6 memorised, 4 levels left

rFire  . . .     SeeInvis .     l - +2 dagger (holy)
rCold  . . .     Clarity  .     a - +0 robe
rNeg   . . .     SustAt   .     (no shield)
rPois  .         Gourm    .     b - +0 hat
rElec  .         Spirit   .     (no cloak)
rCorr  .         Warding  .     (no gloves)
rMut   .         Stasis   .     (no boots)
MR     .....                    (no amulet)
Stlth  ++........               w - ring of flight
                                k - ring of magical power

@: very slightly contaminated, drained, not resistant to hostile enchantments,
unstealthy
A: no striking features
a: Evoke Flight


You were on level 6 of the Dungeon.
You were hungry.

You visited 1 branch of the dungeon, and saw 6 of its levels.

You collected 183 gold pieces.

Inventory:

Hand Weapons
 g - a +0 short sword
 l - a +2 dagger of holy wrath (weapon)
 m - a +0 dagger of electrocution
Armour
 a - a +0 robe (worn)
 b - a +0 hat (worn)
Jewellery
 k - a ring of magical power (left hand)
 w - a ring of flight (right hand)
Scrolls
 e - 2 scrolls of amnesia {unknown}
 i - a scroll of teleportation {unknown}
 j - 5 scrolls of identify {unknown}
 n - 3 scrolls of enchant armour {unknown}
 r - a scroll of recharging {unknown}
 u - a scroll of fear {unknown}
 v - 2 scrolls of remove curse {unknown}
 y - a scroll of enchant weapon {unknown}
Potions
 h - 2 potions of brilliance {unknown}
 o - a potion of resistance {unknown}
 p - 2 potions of flight {unknown}
 q - 4 potions of curing {unknown}
 s - 2 potions of poison {unknown}
 t - a potion of beneficial mutation {unknown}
 x - 2 potions of haste
 z - 2 potions of lignification {unknown}
 A - 2 potions of heal wounds {unknown}
 B - a potion of berserk rage {unknown}
 C - a potion of ambrosia {unknown}
 E - 2 potions of agility {unknown}
Books
 c - a book of Minor Magic

   Spells                             Type                      Level
   a - Magic Dart                     Conjuration                  1
   b - Blink                          Translocation                2
   c - Call Imp                       Summoning                    2
   d - Repel Missiles                 Charms/Air                   2
   e - Slow                           Hexes                        2
   f - Conjure Flame                  Conjuration/Fire             3
   g - Mephitic Cloud                 Conjuration/Poison/Air       3
Comestibles
 d - 7 bread rations
 f - 2 meat rations


   Skills:
 - Level 2.4(2.1) Dodging
 - Level 2.4(2.1) Stealth
 + Level 5.6(5.3) Spellcasting
 - Level 3.0(2.7) Conjurations
 - Level 2.0(1.7) Charms
 - Level 3.2(3.0) Summonings
 - Level 1.1(0.8) Translocations
 - Level 3.0(2.7) Fire Magic
 - Level 3.2(2.9) Air Magic
 - Level 3.5(3.2) Poison Magic


You had 4 spell levels left.
You knew the following spells:

 Your Spells              Type           Power        Failure   Level  Hunger
a - Magic Dart            Conj           ###.         2%          1    None
b - Blink                 Tloc           N/A          10%         2    None
c - Call Imp              Summ           ###.....     4%          2    None
d - Repel Missiles        Chrm/Air       ###...       6%          2    None
e - Conjure Flame         Conj/Fire      ###.....     10%         3    #......
f - Mephitic Cloud        Conj/Pois/Air  ###.....     10%         3    #......


Dungeon Overview and Level Annotations

Branches:
Dungeon (6/15)
 Temple: D:4-7

Altars:
Dithmenos
Gozag

Annotations:
D:1 1 runed door


Message History

Found 19 gold pieces.
Casting: Call Imp
Confirm with . or Enter, or press ? or * to list all spells.
A beastly little devil appears in a puff of flame.
The wight hits your crimson imp with a hand axe.
A centaur comes into view.
The centaur shouts!
The centaur wields a shortbow.
The centaur shoots an arrow.
The arrow hits you.
* * * LOW HITPOINT WARNING * * *
Your crimson imp hits the wight but does no damage.
You see here an arrow.
Casting: Call Imp
Confirm with . or Enter, or press ? or * to list all spells.
Okay, then.
Casting: Call Imp
Confirm with . or Enter, or press ? or * to list all spells.
You miscast Blink.
You are very lightly contaminated with residual magic.
Nothing appears to happen.
The centaur shoots an arrow.
The arrow hits you!
You die...

#.##.##.##.####
#..............
#..#.##z##.####
#!#...#.####
#..zz.......
#.#.5.######
#>##.## . #.# #
#@# #'# ...
..... .......
......$c.
+.........+
#.........#


You could see a centaur, 3 wights and a friendly crimson imp.

Vanquished Creatures
  2 phantoms (D:4)
  A centaur (D:5)
  A wight (D:6)
  An orc wizard (D:3)
  An adder (D:3)
  2 giant geckos
  5 orcs (D:3)
  3 giant cockroaches
  11 goblins
  3 hobgoblins
  3 quokkas
  A ball python (D:2)
  5 bats
  10 giant newts
  3 jackals (D:1)
  7 kobolds
  9 rats
68 creatures vanquished.

Vanquished Creatures (collateral kills)
  Sigmund (D:3)
  A scorpion (D:5)
  A wight (D:6)
  A centaur skeleton (D:4)
  A worker ant (D:5)
  2 iguanas (D:4)
  Natasha (thrice) (D:4)
  3 adders
  2 oozes
  A worm (D:4)
  3 orcs (D:3)
  2 giant cockroaches
  3 goblins
  3 hobgoblins
  2 bats
  4 giant newts (D:2)
  3 kobolds
36 creatures vanquished.

Grand Total: 104 creatures vanquished

Notes
Turn   | Place    | Note
--------------------------------------------------------------
     0 | D:1      | tp1 the Deep Elf Wizard began the quest for the Orb.
     0 | D:1      | Reached XP level 1. HP: 10/10 MP: 7/7
     1 | D:1      | Found a runed door.
   220 | D:1      | Reached XP level 2. HP: 15/15 MP: 6/9
   557 | D:1      | Learned a level 2 spell: Blink
   560 | D:1      | Learned a level 2 spell: Call Imp
   563 | D:1      | Learned a level 2 spell: Repel Missiles
   974 | D:1      | Reached skill level 1 in Charms
  1100 | D:2      | Reached XP level 3. HP: 12/19 MP: 10/10
  1105 | D:2      | Learned a level 3 spell: Conjure Flame
  1277 | D:2      | Found an opulent altar of Gozag.
  1627 | D:2      | Reached skill level 1 in Fire Magic
  1856 | D:2      | Reached skill level 1 in Air Magic
  1860 | D:2      | Found a shadowy altar of Dithmenos.
  2120 | D:3      | Noticed Sigmund
  2180 | D:3      | Killed Sigmund
  2180 | D:3      | Reached XP level 4. HP: 21/24 MP: 6/12
  2180 | D:3      | Reached XP level 5. HP: 24/28 MP: 6/13
  2492 | D:3      | Learned a level 3 spell: Mephitic Cloud
  2811 | D:3      | Reached skill level 5 in Spellcasting
  3003 | D:3      | Reached skill level 1 in Poison Magic
  3659 | D:4      | Noticed Natasha
  3664 | D:4      | Killed Natasha
  3863 | D:4      | Noticed Natasha
  3867 | D:4      | Killed Natasha
  4000 | D:4      | Noticed a phantom
  4073 | D:4      | Killed a phantom
  4073 | D:4      | Reached XP level 6. HP: 32/32 MP: 11/15
  4317 | D:4      | Noticed Natasha
  4324 | D:4      | Killed Natasha
  4381 | D:4      | Noticed a phantom
  4724 | D:4      | Killed a phantom
  4823 | D:5      | Entered Level 5 of the Dungeon
  5338 | D:5      | Reached XP level 7. HP: 36/36 MP: 16/16
  6131 | D:6      | Shot with an arrow by a centaur

Action                   |  1- 3 |  4- 6 |  7- 9 || total
-------------------------+-------+-------+-------++-------
Melee: Dagger            |     2 |    17 |     6 ||    25
       Short sword       |     1 |       |       ||     1
 Cast: Magic Dart        |    80 |    75 |    41 ||   196
       Call Imp          |    38 |    54 |    20 ||   112
       Conjure Flame     |     1 |     6 |     3 ||    10
       Blink             |     1 |     3 |     1 ||     5
       Mephitic Cloud    |       |     2 |     1 ||     3
       Repel Missiles    |       |     1 |       ||     1
  Eat: Chunk             |     3 |     8 |       ||    11
       Bread ration      |       |     1 |       ||     1
